[Event "AUT-ch 2018"]
[Site "Vienna"]
[Date "2018.07.29"]
[Round "9"]
[White "Morgunov, Marc"]
[Black "Froewis, Georg"]
[Result "1-0"]
[ECO "C07"]
[WhiteElo "2362"]
[BlackElo "2427"]
[Annotator "NA"]
[PlyCount "79"]
[EventDate "2018.07.22"]
[EventType "swiss"]
[EventCountry "AUT"]
[SourceTitle "playchess.com"]
[Source "ChessBase"]
[SourceQuality "1"]
[TimeControl "40/5400+30:1800+30"]

1. e4 e6 2. d4 d5 3. Nd2 c5 4. exd5 Qxd5 5. Ngf3 cxd4 6. Bc4 Qd7 7. O-O Nc6 8. Nb3 a6 9. Nbxd4 Nxd4 10. Nxd4 Qc7 11. Bb3 Bd6 12. h3 Ne7 13. c3 Bd7 14. Re1 O-O 15. Be3 Rad8 16. Qf3 e5 17. Bg5 Rde8 18. Nc2 Bc6 19. Qh5 h6 20. Bxe7 Qxe7 21. Nd4 Bd7 22. Nf5 Bxf5 23. Qxf5 Kh8 24. Rad1 g6 25. Qe4 f5 26. Qe3 Kg7 27. Rd5 Rd8 28. Qb6 Qc7 29. Qe3 Qe7 30. Red1 Bc7 31. Qd3 Rxd5 32. Qxd5 e4 33. Qd4+ Be5 34. Qd7 Kf6 35. g3 Re8 36. Qa4 Rd8 37. Rxd8 Qxd8 38. Qc4 Qe7 39. f4 exf3 40. Qh4+ 1-0

[Event "AUT-ch 2018"]
[Site "Vienna"]
[Date "2018.07.29"]
[Round "9"]
[White "Sandhoefner, Florian"]
[Black "Schroll, Gerhard"]
[Result "1/2-1/2"]
[ECO "D35"]
[WhiteElo "2327"]
[BlackElo "2295"]
[Annotator "NA"]
[PlyCount "60"]
[EventDate "2018.07.22"]
[EventType "swiss"]
[EventCountry "AUT"]
[SourceTitle "playchess.com"]
[Source "ChessBase"]
[SourceQuality "1"]
[TimeControl "40/5400+30:1800+30"]

1. d4 d5 2. c4 e6 3. Nc3 Nf6 4. cxd5 exd5 5. Bg5 Be7 6. e3 c6 7. Qc2 Nbd7 8. Nf3 O-O 9. Bd3 Re8 10. O-O Nf8 11. Rab1 a5 12. a3 Be6 13. b4 axb4 14. axb4 N6d7 15. Bxe7 Qxe7 16. b5 c5 17. dxc5 Qxc5 18. Rfc1 Nb6 19. Nd4 g6 20. Nce2 Qxc2 21. Rxc2 Rec8 22. Rbc1 Rxc2 23. Rxc2 Rc8 24. Rxc8 Bxc8 25. Kf1 Ne6 26. Ke1 Nxd4 27. Nxd4 Kf8 28. Kd2 Ke7 29. Kc3 Kd6 30. Kb4 Nd7 1/2-1/2

[Event "AUT-ch 2018"]
[Site "Vienna"]
[Date "2018.07.29"]
[Round "9"]
[White "Mostbauer, Florian"]
[Black "Schreiner, Peter"]
[Result "0-1"]
[ECO "A08"]
[WhiteElo "2319"]
[BlackElo "2467"]
[Annotator "RC"]
[PlyCount "76"]
[EventDate "2018.07.22"]
[EventType "swiss"]
[EventCountry "AUT"]
[SourceTitle "playchess.com"]
[Source "ChessBase"]
[SourceQuality "1"]
[TimeControl "40/5400+30:1800+30"]

1. g3 d5 2. Bg2 c5 3. Nf3 Nf6 4. c3 Nc6 5. d4 e6 6. O-O Be7 7. Ne5 O-O 8. Nxc6 bxc6 9. Qa4 Qb6 10. dxc5 Bxc5 11. b4 Be7 12. Be3 Qa6 13. Qxa6 Bxa6 14. Re1 c5 15. Bxc5 Bxc5 16. bxc5 Rac8 17. Nd2 Rxc5 18. e4 Rxc3 19. exd5 Nxd5 20. Bxd5 exd5 21. Re7 Ra8 22. Rd7 Rd3 23. Re1 Bb5 24. Rb7 a6 25. Nb3 h5 26. Ree7 Rd1+ 27. Kg2 d4 28. Rbc7 Rf8 29. Re4 Rd8 30. Rf4 f6 31. Kf3 Rd6 32. h4 Kh7 33. g4 d3 34. Rd4 Rxd4 35. Nxd4 d2 36. Rc2 Ba4 37. Rb2 hxg4+ 38. Kf4 g3 0-1

[Event "AUT-ch 2018"]
[Site "Vienna"]
[Date "2018.07.29"]
[Round "9"]
[White "Vitouch, Anatol"]
[Black "Hupfer, Robert"]
[Result "1-0"]
[ECO "D00"]
[WhiteElo "2317"]
[BlackElo "2122"]
[Annotator "NA"]
[PlyCount "97"]
[EventDate "2018.07.22"]
[EventType "swiss"]
[EventCountry "AUT"]
[SourceTitle "playchess.com"]
[Source "ChessBase"]
[SourceQuality "1"]
[TimeControl "40/5400+30:1800+30"]

1. d4 d5 2. Bg5 Nf6 3. Bxf6 exf6 4. e3 Bd6 5. g3 O-O 6. Bg2 c6 7. Ne2 Be6 8. O-O Qc8 9. b3 Bh3 10. c4 Bxg2 11. Kxg2 Qe6 12. Qd3 Nd7 13. Nbc3 dxc4 14. bxc4 b6 15. a4 Rfd8 16. Rfc1 Bc7 17. Nb1 Nc5 18. Qc2 Ne4 19. Nd2 Ng5 20. Ng1 Qd7 21. h4 Ne6 22. Ngf3 Re8 23. Ne4 Qe7 24. Nc3 Qd7 25. Rd1 Nd8 26. h5 h6 27. Nh4 Qe6 28. Qd3 Nb7 29. Nf5 Nd6 30. Nxd6 Bxd6 31. Rdb1 Bc7 32. a5 Qg4 33. Qe2 Qg5 34. Qf3 Rac8 35. Ne4 Rxe4 36. Qxe4 c5 37. axb6 Bxb6 38. Rb5 Qxh5 39. dxc5 Bxc5 40. Rxa7 Qe5 41. Qxe5 fxe5 42. Raa5 Bd6 43. Rd5 Bb4 44. Ra4 Bc3 45. Rd3 Bb2 46. Rb3 Bc1 47. Kf3 f5 48. Ke2 Rd8 49. Ra2 1-0

[Event "AUT-ch 2018"]
[Site "Vienna"]
[Date "2018.07.29"]
[Round "9"]
[White "Gerhold, Michael"]
[Black "Exler, Veronika"]
[Result "0-1"]
[ECO "B12"]
[WhiteElo "2254"]
[BlackElo "2198"]
[Annotator "NA"]
[PlyCount "98"]
[EventDate "2018.07.22"]
[EventType "swiss"]
[EventCountry "AUT"]
[SourceTitle "playchess.com"]
[Source "ChessBase"]
[SourceQuality "1"]
[TimeControl "40/5400+30:1800+30"]

1. e4 c6 2. d4 d5 3. e5 Bf5 4. Nf3 e6 5. Be2 Nd7 6. O-O h6 7. Nbd2 Ne7 8. Nb3 Bh7 9. Bd2 Nf5 10. Rc1 Nb6 11. Na5 Qd7 12. g4 Ne7 13. Nh4 Ng6 14. Ng2 c5 15. c3 Rb8 16. Nb3 Na4 17. Nxc5 Nxc5 18. dxc5 Bxc5 19. Bf4 Nxf4 20. Nxf4 b5 21. Bd3 O-O 22. Bxh7+ Kxh7 23. Qd3+ Kg8 24. Kg2 Qc7 25. Rfe1 Be7 26. Nh5 Qc4 27. Qxc4 bxc4 28. Rc2 Rb6 29. f4 Rfb8 30. Ree2 f6 31. Ng3 fxe5 32. fxe5 Bc5 33. h3 Ra6 34. a3 Rab6 35. Rcd2 Rf8 36. Nf1 Rb7 37. Ne3 Rbf7 38. Nc2 Rf4 39. Nd4 Bxd4 40. Rxd4 Rxd4 41. cxd4 Rb8 42. Rd2 Rb3 43. h4 h5 44. gxh5 Kh7 45. Rf2 a6 46. Rf8 Rxb2+ 47. Kg1 Rd2 48. Re8 Rxd4 49. Rxe6 c3 0-1

[Event "AUT-ch 2018"]
[Site "Vienna"]
[Date "2018.07.29"]
[Round "9"]
[White "Ly, Dominik"]
[Black "Morgunov, Daniel"]
[Result "0-1"]
[ECO "B20"]
[WhiteElo "2217"]
[BlackElo "2346"]
[Annotator "NA"]
[PlyCount "78"]
[EventDate "2018.07.22"]
[EventType "swiss"]
[EventCountry "AUT"]
[SourceTitle "playchess.com"]
[Source "ChessBase"]
[SourceQuality "1"]
[TimeControl "40/5400+30:1800+30"]

1. e4 c5 2. b3 e6 3. Bb2 d5 4. exd5 exd5 5. d4 Nf6 6. Nf3 Be7 7. Bb5+ Nc6 8. O-O O-O 9. h3 Ne4 10. Nbd2 Bf6 11. Nxe4 dxe4 12. Bxc6 bxc6 13. Ne5 Qc7 14. Ng4 Bxd4 15. Bxd4 cxd4 16. Qxd4 Bxg4 17. hxg4 Qf4 18. Rfe1 Rfe8 19. Qd7 Re6 20. Rad1 Rf8 21. Qxa7 Rh6 22. Qe3 Qxg4 23. Qxe4 Qh5 24. g3 f5 25. Qg2 f4 26. g4 Qc5 27. c4 Rg6 28. Kf1 h5 29. f3 hxg4 30. fxg4 f3 31. Qf2 Qg5 32. Re4 Rh6 33. Qg1 Qh4 34. Red4 Re6 35. R4d2 Qh3+ 36. Kf2 Qh4+ 37. Kf1 Rfe8 38. Qf2 Qh1+ 39. Qg1 Re1+ 0-1

[Event "AUT-ch 2018"]
[Site "Vienna"]
[Date "2018.07.29"]
[Round "9"]
[White "Peyrer, Konstantin"]
[Black "Polterauer, Chiara"]
[Result "0-1"]
[ECO "D00"]
[WhiteElo "2209"]
[BlackElo "2169"]
[Annotator "NA"]
[PlyCount "88"]
[EventDate "2018.07.22"]
[EventType "swiss"]
[EventCountry "AUT"]
[SourceTitle "playchess.com"]
[Source "ChessBase"]
[SourceQuality "1"]
[TimeControl "40/5400+30:1800+30"]

1. d4 d5 2. Bf4 Nf6 3. e3 c5 4. c3 Nc6 5. Nd2 Bf5 6. Ngf3 e6 7. Qb3 Qc8 8. c4 cxd4 9. Nxd4 Nxd4 10. exd4 a6 11. Be2 Be7 12. O-O O-O 13. c5 Qc6 14. Nf3 Nd7 15. Ne5 Nxe5 16. Bxe5 Rfe8 17. a4 f6 18. Bg3 Bf8 19. Bd3 Bxd3 20. Qxd3 e5 21. dxe5 fxe5 22. b4 a5 23. b5 Qxc5 24. Rac1 Qd6 25. Rfd1 Rad8 26. Qc3 b6 27. Qc6 d4 28. Qe4 Qd5 29. Qxd5+ Rxd5 30. Rc6 Bc5 31. f3 e4 32. fxe4 Rxe4 33. Rd3 Re3 34. Rxe3 dxe3 35. Kf1 Rd2 36. Re6 Kf7 37. Re4 Ra2 38. Be1 Kg6 39. Bc3 Rf2+ 40. Ke1 Rxg2 41. Bd4 Kf5 42. Re5+ Kf4 43. Bxc5 Kxe5 44. Bxb6 Ke4 0-1

[Event "AUT-ch 2018"]
[Site "Vienna"]
[Date "2018.07.29"]
[Round "9"]
[White "Hiermann, Dietmar"]
[Black "Ager, Josef"]
[Result "1-0"]
[ECO "C54"]
[WhiteElo "2202"]
[BlackElo "2154"]
[Annotator "NA"]
[PlyCount "83"]
[EventDate "2018.07.22"]
[EventType "swiss"]
[EventCountry "AUT"]
[SourceTitle "playchess.com"]
[Source "ChessBase"]
[SourceQuality "1"]
[TimeControl "40/5400+30:1800+30"]

1. e4 e5 2. Nf3 Nc6 3. Bc4 Bc5 4. c3 Nf6 5. d3 a6 6. Nbd2 d6 7. Bb3 O-O 8. O-O Be6 9. h3 Qd7 10. Nh2 Ne7 11. Re1 Ng6 12. Ndf1 Bxb3 13. axb3 d5 14. b4 Ba7 15. Bg5 Ne8 16. Ng3 f6 17. Bd2 c6 18. Nf3 Nc7 19. Nf5 Rad8 20. Qb3 Qf7 21. Rad1 Rd7 22. Qc2 Ne7 23. Ng3 Ne6 24. Be3 Bxe3 25. fxe3 dxe4 26. Nxe4 Ng6 27. Rf1 Qe7 28. Rde1 Nc7 29. Nc5 Rd5 30. c4 Rxc5 31. bxc5 Qxc5 32. d4 Qe7 33. Qb3 Rb8 34. Rd1 Kh8 35. d5 cxd5 36. cxd5 Nb5 37. Rf2 Qd6 38. Nd2 Rd8 39. Ne4 Qb6 40. Kh2 Nf8 41. Rc2 Nd7 42. Rdc1 1-0

[Event "AUT-ch 2018"]
[Site "Vienna"]
[Date "2018.07.29"]
[Round "9"]
[White "Steiner, Bruno"]
[Black "Zanon, Magnus"]
[Result "1-0"]
[ECO "A00"]
[WhiteElo "2194"]
[BlackElo "2022"]
[Annotator "NA"]
[PlyCount "81"]
[EventDate "2018.07.22"]
[EventType "swiss"]
[EventCountry "AUT"]
[SourceTitle "playchess.com"]
[Source "ChessBase"]
[SourceQuality "1"]
[TimeControl "40/5400+30:1800+30"]

1. e3 g6 2. c4 d6 3. Nc3 Bg7 4. Nf3 f5 5. Be2 Nf6 6. O-O O-O 7. d3 e5 8. Bd2 h6 9. Qc2 Be6 10. Rfd1 Nbd7 11. Rab1 a5 12. Nb5 Ne8 13. b3 g5 14. Be1 g4 15. Nd2 Qg5 16. Nf1 h5 17. d4 f4 18. Bd3 f3 19. g3 h4 20. c5 Rf6 21. cxd6 cxd6 22. Bc4 d5 23. dxe5 Rh6 24. Bxd5 Bxd5 25. Rxd5 hxg3 26. fxg3 Nxe5 27. Bc3 f2+ 28. Qxf2 Qg6 29. Rbd1 Nf3+ 30. Kh1 Qe4 31. Qg2 Raa6 32. Bxg7 Nxg7 33. R5d4 Qg6 34. Rd8+ Kh7 35. Nd4 Rd6 36. Nxf3 Rxd8 37. Rxd8 Qf6 38. Rd4 gxf3 39. Qc2+ Rg6 40. Rh4+ Kg8 41. Qc8+ 1-0

[Event "AUT-ch 2018"]
[Site "Vienna"]
[Date "2018.07.29"]
[Round "9"]
[White "Bauer, Thomas"]
[Black "Pacher, Simon"]
[Result "0-1"]
[ECO "C50"]
[WhiteElo "2181"]
[BlackElo "2097"]
[Annotator "NA"]
[PlyCount "126"]
[EventDate "2018.07.22"]
[EventType "swiss"]
[EventCountry "AUT"]
[SourceTitle "playchess.com"]
[Source "ChessBase"]
[SourceQuality "1"]
[TimeControl "40/5400+30:1800+30"]

1. e4 e5 2. Nf3 Nc6 3. Bc4 Bc5 4. d3 Nf6 5. O-O O-O 6. Nbd2 a6 7. a4 d6 8. c3 Ba7 9. h3 h6 10. Re1 Ne7 11. Nf1 Ng6 12. b4 Be6 13. Bxe6 fxe6 14. Ra2 Qe8 15. Be3 Nf4 16. Kh2 g5 17. Bxa7 Rxa7 18. g3 N4h5 19. Kg2 Qf7 20. N3h2 Raa8 21. Ng4 Nxg4 22. hxg4 Nf6 23. Ne3 Kg7 24. Nc4 Rh8 25. Rh1 Rad8 26. Na5 c6 27. Qf3 Rhf8 28. Rb2 Qc7 29. Qe2 d5 30. Nb3 Rf7 31. Nc5 Qe7 32. Rd2 a5 33. Re1 b6 34. Na6 dxe4 35. dxe4 Rxd2 36. Qxd2 Nxg4 37. f3 Nf6 38. Rh1 Qb7 39. Qe2 axb4 40. cxb4 Rd7 41. a5 Rd4 42. axb6 Qxb6 43. Ra1 g4 44. Ra2 gxf3+ 45. Qxf3 Nxe4 46. Nc5 Ng5 47. Qe3 Qxb4 48. Nd3 Qb8 49. Nf2 c5 50. Kh2 e4 51. Qc3 Qb4 52. Qa1 Kg6 53. Qc1 Rd2 54. Rxd2 Qxd2 55. Qxd2 Nf3+ 56. Kg2 Nxd2 57. Ng4 c4 58. Kf2 h5 59. Ne3 c3 60. Ke2 Kf6 61. Ng2 Kf5 62. Ne3+ Ke5 63. Ng2 Nf1 0-1

[Event "AUT-ch 2018"]
[Site "Vienna"]
[Date "2018.07.29"]
[Round "9"]
[White "Newrkla, Katharina"]
[Black "Mayrhuber, Nikola"]
[Result "1-0"]
[ECO "A06"]
[WhiteElo "2175"]
[BlackElo "2046"]
[Annotator "NA"]
[PlyCount "73"]
[EventDate "2018.07.22"]
[EventType "swiss"]
[EventCountry "AUT"]
[SourceTitle "playchess.com"]
[Source "ChessBase"]
[SourceQuality "1"]
[TimeControl "40/5400+30:1800+30"]

1. Nf3 d5 2. e3 Nf6 3. c4 e6 4. b3 c5 5. Bb2 Nc6 6. cxd5 exd5 7. Bb5 Bg4 8. O-O Be7 9. d3 O-O 10. Bxc6 bxc6 11. Nbd2 a5 12. Qc2 Qb6 13. Ne5 Bf5 14. e4 Be6 15. Rfc1 Bd6 16. Nef3 Nd7 17. Ba3 Qc7 18. d4 cxd4 19. Bxd6 Qxd6 20. Qxc6 Qxc6 21. Rxc6 dxe4 22. Nxd4 Bd5 23. Rc7 Nf6 24. Nc4 Ra6 25. h3 g6 26. Rc5 a4 27. b4 a3 28. Nc2 Rfa8 29. b5 R6a7 30. Nb6 Rd8 31. Rd1 Rad7 32. Nxd7 Rxd7 33. Nb4 Be6 34. Rxd7 Nxd7 35. Rc3 Nb6 36. Rxa3 Bd7 37. Nc6 1-0

[Event "AUT-ch 2018"]
[Site "Vienna"]
[Date "2018.07.29"]
[Round "9"]
[White "Steiner, Adam"]
[Black "Khalakhan, Jurij"]
[Result "1-0"]
[ECO "B00"]
[WhiteElo "2174"]
[BlackElo "2215"]
[Annotator "NA"]
[PlyCount "103"]
[EventDate "2018.07.22"]
[EventType "swiss"]
[EventCountry "AUT"]
[SourceTitle "playchess.com"]
[Source "ChessBase"]
[SourceQuality "1"]
[TimeControl "40/5400+30:1800+30"]

1. e4 b6 2. d4 Bb7 3. Bd3 e6 4. Nf3 Nf6 5. Qe2 d5 6. e5 Nfd7 7. Bg5 Be7 8. Bxe7 Qxe7 9. O-O c5 10. c3 Nc6 11. a3 g5 12. Qe3 g4 13. Ng5 cxd4 14. cxd4 Nxd4 15. Nxf7 Nf3+ 16. gxf3 Qxf7 17. fxg4 d4 18. Qg3 Rg8 19. f4 Rxg4 20. Qxg4 O-O-O 21. Qh3 Rg8+ 22. Kf2 Qxf4+ 23. Ke2 Rg2+ 24. Kd1 Qxe5 25. Nd2 Rxh2 26. Rc1+ Kd8 27. Qg4 Rxd2+ 28. Kxd2 Qe3+ 29. Kc2 Qxd3+ 30. Kxd3 Ne5+ 31. Kxd4 Nxg4 32. Rf8+ Ke7 33. Rg8 e5+ 34. Kc3 Bf3 35. Rf1 Be2 36. Re1 Bf3 37. Rg7+ Kf6 38. Rxh7 a5 39. Rh8 Kg5 40. Rb8 Kf4 41. Rxb6 e4 42. Ra6 Kg3 43. Rxa5 Kf2 44. Ra1 Ne3 45. Re5 Ng4 46. Re6 e3 47. a4 e2 48. a5 Ne3 49. Rxe3 Kxe3 50. b4 Bc6 51. a6 Ba4 52. Re1 1-0

[Event "AUT-ch 2018"]
[Site "Vienna"]
[Date "2018.07.29"]
[Round "9"]
[White "Zimmermann, Heinz"]
[Black "Windhager, Hannes"]
[Result "1/2-1/2"]
[ECO "A16"]
[WhiteElo "2162"]
[BlackElo "2203"]
[Annotator "NA"]
[PlyCount "119"]
[EventDate "2018.07.22"]
[EventType "swiss"]
[EventCountry "AUT"]
[SourceTitle "playchess.com"]
[Source "ChessBase"]
[SourceQuality "1"]
[TimeControl "40/5400+30:1800+30"]

1. c4 Nf6 2. Nc3 g6 3. g3 Bg7 4. Bg2 O-O 5. e4 c5 6. Nge2 Nc6 7. O-O d6 8. a3 Rb8 9. Rb1 a6 10. b4 b6 11. h3 Nd7 12. d3 Nd4 13. Be3 Bb7 14. f4 e6 15. bxc5 bxc5 16. g4 Bc6 17. Rxb8 Qxb8 18. h4 Qb2 19. Bc1 Qc2 20. Qxc2 Nxc2 21. Bd2 Rb8 22. Rb1 Rxb1+ 23. Nxb1 Bb2 24. Bc1 Nd4 25. Nbc3 Ba1 26. Nxd4 cxd4 27. Nd1 Ba4 28. Bb2 Bxd1 29. Bxa1 e5 30. g5 Nc5 31. fxe5 dxe5 32. a4 Bxa4 33. Bb2 Nxd3 34. Ba3 Nf4 35. Bf1 d3 36. Bb4 Bc6 37. Kf2 Bxe4 38. Ke3 Bc6 39. Bd6 Ng2+ 40. Bxg2 Bxg2 41. Kxd3 Bc6 42. Bxe5 Kf8 43. Bd6+ Ke8 44. Kd4 Kd7 45. Ke5 Ba4 46. Bb4 Bb3 47. Kd5 Bd1 48. Ke5 Kc6 49. Kd4 Bf3 50. Ke5 Bg4 51. Kd4 Kb6 52. Bd2 a5 53. Bc3 a4 54. Bb4 Kc6 55. Ba3 Be2 56. Bb4 Kd7 57. Kd5 Bf3+ 58. Ke5 Bd1 59. Ba3 Bb3 60. Kd5 1/2-1/2

[Event "AUT-ch 2018"]
[Site "Vienna"]
[Date "2018.07.29"]
[Round "9"]
[White "Frank, Emanuel"]
[Black "Huber, Martin Christian"]
[Result "0-1"]
[ECO "E91"]
[WhiteElo "2161"]
[BlackElo "2374"]
[Annotator "NA"]
[PlyCount "82"]
[EventDate "2018.07.22"]
[EventType "swiss"]
[EventCountry "AUT"]
[SourceTitle "playchess.com"]
[Source "ChessBase"]
[SourceQuality "1"]
[TimeControl "40/5400+30:1800+30"]

1. d4 Nf6 2. c4 g6 3. Nc3 Bg7 4. e4 d6 5. Nf3 O-O 6. Be2 Na6 7. O-O e5 8. d5 Nc5 9. Qc2 a5 10. Bg5 h6 11. Be3 b6 12. Nd2 Nh7 13. a3 a4 14. Bxc5 bxc5 15. Nxa4 h5 16. b4 Bh6 17. Nc3 h4 18. Nb3 h3 19. g3 cxb4 20. axb4 Rxa1 21. Rxa1 f5 22. Na5 f4 23. Qd3 Qf6 24. Rf1 Qg5 25. Kh1 Nf6 26. Rg1 Ng4 27. Nd1 f3 28. Bf1 Kg7 29. Qc2 Qd2 30. Qxd2 Bxd2 31. Nc6 Bd7 32. Bxh3 Nxh2 33. Kxh2 Rh8 34. Rh1 Bxh3 35. Kg1 g5 36. g4 Rh4 37. Ne3 Bxe3 38. fxe3 Rxg4+ 39. Kf2 Rg2+ 40. Kf1 Rh2+ 41. Kg1 Rxh1+ 0-1

[Event "AUT-ch 2018"]
[Site "Vienna"]
[Date "2018.07.29"]
[Round "9"]
[White "Miazhynski, Yuri"]
[Black "Riemelmoser, Stefan"]
[Result "1-0"]
[ECO "A13"]
[WhiteElo "2147"]
[BlackElo "2147"]
[Annotator "NA"]
[PlyCount "83"]
[EventDate "2018.07.22"]
[EventType "swiss"]
[EventCountry "AUT"]
[SourceTitle "playchess.com"]
[Source "ChessBase"]
[SourceQuality "1"]
[TimeControl "40/5400+30:1800+30"]

1. Nf3 e6 2. c4 d5 3. b3 Nf6 4. Bb2 Be7 5. g3 O-O 6. Bg2 c5 7. O-O Nc6 8. cxd5 Nxd5 9. d4 cxd4 10. Nxd4 Bf6 11. Nxc6 bxc6 12. Qc1 Ba6 13. Re1 Rc8 14. Nd2 c5 15. Nc4 Nb6 16. Bxf6 Qxf6 17. Nd6 Rc7 18. Qa3 Bxe2 19. Rac1 Bf3 20. Rxc5 Rxc5 21. Qxc5 Bxg2 22. Kxg2 Qb2 23. Qa5 h5 24. Qxh5 Qxa2 25. Qf3 Nd5 26. Re4 Nf6 27. Ra4 Qd2 28. Ne4 Nxe4 29. Qxe4 a5 30. Qe5 Qd5+ 31. Qxd5 exd5 32. Rxa5 Rb8 33. Ra3 g6 34. Kf3 Rb4 35. Ke3 Kg7 36. Kd3 d4 37. Kc2 Rb6 38. Ra4 Rd6 39. Kd3 Rb6 40. b4 Rf6 41. Ra2 Rd6 42. Rb2 1-0

[Event "AUT-ch 2018"]
[Site "Vienna"]
[Date "2018.07.29"]
[Round "9"]
[White "Hapala, Elisabeth"]
[Black "Goessler, Markus"]
[Result "1-0"]
[ECO "C95"]
[WhiteElo "2131"]
[BlackElo "2190"]
[Annotator "NA"]
[PlyCount "107"]
[EventDate "2018.07.22"]
[EventType "swiss"]
[EventCountry "AUT"]
[SourceTitle "playchess.com"]
[Source "ChessBase"]
[SourceQuality "1"]
[TimeControl "40/5400+30:1800+30"]

1. e4 e5 2. Nf3 Nc6 3. Bb5 a6 4. Ba4 Nf6 5. O-O Be7 6. Re1 b5 7. Bb3 d6 8. c3 O-O 9. h3 Nb8 10. d4 Nbd7 11. Nbd2 Bb7 12. Bc2 Re8 13. Nf1 Bf8 14. Ng3 g6 15. a4 Nb6 16. a5 Nbd7 17. Bg5 h6 18. Bd2 c5 19. d5 c4 20. Qc1 Kh7 21. Nh2 Nc5 22. Rf1 Bg7 23. f4 exf4 24. Rxf4 Qe7 25. Qf1 Rf8 26. Re1 Ncd7 27. Qf2 Ne5 28. Rf1 Nfd7 29. Nf3 Nxf3+ 30. Qxf3 Ne5 31. Qe3 Bc8 32. Ne2 Bd7 33. Nd4 Rae8 34. R4f2 Qd8 35. Nf3 Kg8 36. Nxe5 Rxe5 37. Qb6 Qxb6 38. axb6 g5 39. h4 Bc8 40. Be3 Bb7 41. hxg5 hxg5 42. Bd4 Bc8 43. Rf6 Bxf6 44. Rxf6 Rd8 45. Bxe5 dxe5 46. Rc6 Bb7 47. Rc7 Rb8 48. Bd1 f5 49. d6 Kf8 50. exf5 Ke8 51. Bh5+ Kf8 52. f6 Bd5 53. d7 Be6 54. b7 1-0

[Event "AUT-ch 2018"]
[Site "Vienna"]
[Date "2018.07.29"]
[Round "9"]
[White "Gratze, Michael"]
[Black "Froewis, Annika"]
[Result "1/2-1/2"]
[ECO "C41"]
[WhiteElo "2128"]
[BlackElo "2128"]
[Annotator "NA"]
[PlyCount "63"]
[EventDate "2018.07.22"]
[EventType "swiss"]
[EventCountry "AUT"]
[SourceTitle "playchess.com"]
[Source "ChessBase"]
[SourceQuality "1"]
[TimeControl "40/5400+30:1800+30"]

1. e4 e5 2. Nf3 d6 3. d4 exd4 4. Nxd4 Nf6 5. Nc3 Be7 6. g3 O-O 7. Bg2 Re8 8. O-O Bf8 9. Bg5 c6 10. Qf3 Nbd7 11. Nf5 h6 12. Bf4 Nc5 13. Rfe1 d5 14. Rad1 Bd7 15. g4 Ncxe4 16. Nxe4 Nxe4 17. Qb3 Nc5 18. Qg3 Qa5 19. Be5 g6 20. Bc3 Rxe1+ 21. Rxe1 Qd8 22. Qe5 f6 23. Ne7+ Bxe7 24. Qxe7 Qxe7 25. Rxe7 Re8 26. Rxe8+ Bxe8 27. Bxf6 Ne6 28. Be5 Kf7 29. f4 Nf8 30. b3 Nd7 31. Bd4 a6 32. Kf2 1/2-1/2

[Event "AUT-ch 2018"]
[Site "Vienna"]
[Date "2018.07.29"]
[Round "9"]
[White "Toelly, Michael"]
[Black "Hatzl, Johannes"]
[Result "1-0"]
[ECO "C67"]
[WhiteElo "2127"]
[BlackElo "2068"]
[Annotator "NA"]
[PlyCount "53"]
[EventDate "2018.07.22"]
[EventType "swiss"]
[EventCountry "AUT"]
[SourceTitle "playchess.com"]
[Source "ChessBase"]
[SourceQuality "1"]
[TimeControl "40/5400+30:1800+30"]

1. e4 e5 2. Nf3 Nc6 3. Bb5 Nf6 4. O-O Nxe4 5. d4 Nd6 6. Bxc6 dxc6 7. dxe5 Nf5 8. Qxd8+ Kxd8 9. Nc3 Be7 10. b3 Ke8 11. Bb2 Be6 12. h3 h5 13. Ne4 Rd8 14. Rad1 Rg8 15. Bc1 Rxd1 16. Rxd1 f6 17. g4 hxg4 18. hxg4 Nh6 19. exf6 gxf6 20. Bxh6 Bd5 21. Ned2 Rxg4+ 22. Kf1 b5 23. Ke2 a5 24. Nf1 a4 25. Ne3 Rg6 26. Bf4 axb3 27. axb3 1-0

[Event "AUT-ch 2018"]
[Site "Vienna"]
[Date "2018.07.29"]
[Round "9"]
[White "Atzl, Florian"]
[Black "Spiesberger, Gerhard"]
[Result "0-1"]
[ECO "A98"]
[WhiteElo "2117"]
[BlackElo "2117"]
[Annotator "NA"]
[PlyCount "70"]
[EventDate "2018.07.22"]
[EventType "swiss"]
[EventCountry "AUT"]
[SourceTitle "playchess.com"]
[Source "ChessBase"]
[SourceQuality "1"]
[TimeControl "40/5400+30:1800+30"]

1. Nf3 f5 2. g3 Nf6 3. Bg2 d6 4. d4 e6 5. O-O Be7 6. c4 O-O 7. Nc3 Qe8 8. Qc2 Nc6 9. d5 Nb4 10. Qd2 e5 11. a3 Na6 12. b4 Ne4 13. Nxe4 fxe4 14. Ng5 Bxg5 15. Qxg5 Bf5 16. Qe3 Qg6 17. Bb2 Rf6 18. h3 h5 19. Kh2 b6 20. Qb3 Raf8 21. Bc1 Bxh3 22. Bxh3 Rxf2+ 23. Rxf2 Rxf2+ 24. Bg2 h4 25. Ra2 h3 26. Qe3 Qf5 27. Qxf2 Qxf2 28. Kxh3 Nb8 29. Bxe4 Qf1+ 30. Kg4 Qxc1 31. Rc2 Qe3 32. Bf5 Kf7 33. c5 bxc5 34. bxc5 Kf6 35. cxd6 Qg5+ 0-1

[Event "AUT-ch 2018"]
[Site "Vienna"]
[Date "2018.07.29"]
[Round "9"]
[White "Charaus, Florian"]
[Black "Konecny, Sophie"]
[Result "1-0"]
[ECO "A06"]
[WhiteElo "2115"]
[BlackElo "1889"]
[Annotator "NA"]
[PlyCount "169"]
[EventDate "2018.07.22"]
[EventType "swiss"]
[EventCountry "AUT"]
[SourceTitle "playchess.com"]
[Source "ChessBase"]
[SourceQuality "1"]
[TimeControl "40/5400+30:1800+30"]

1. Nf3 d5 2. d3 Nf6 3. g3 Bg4 4. Bg2 c6 5. Nbd2 Nbd7 6. O-O e5 7. c4 Bd6 8. b3 O-O 9. Bb2 Re8 10. cxd5 cxd5 11. h3 Bh5 12. Rc1 Rc8 13. e4 Nc5 14. Qe2 Bb8 15. Rfd1 dxe4 16. Nxe4 Nfxe4 17. dxe4 Qb6 18. Qc4 Rc6 19. Rd5 Rec8 20. Rcd1 Bg6 21. Qb4 f6 22. Ba3 Qxb4 23. Bxb4 b6 24. Nh4 Bc7 25. Nf5 Bxf5 26. exf5 Na6 27. Ba3 Rc2 28. Rd7 Rb8 29. Bf1 b5 30. R1d2 Rxd2 31. Rxd2 b4 32. Bc1 Nc5 33. Rd5 Bb6 34. Be3 Rc8 35. Bc4 Kf8 36. Kg2 Ke7 37. Bb5 Rc7 38. h4 Kf7 39. Bc4 Ke7 40. Bb5 Kf7 41. Rd8 Ke7 42. Rh8 h6 43. Kf3 Kf7 44. Rd8 Ke7 45. Rg8 Kd6 46. Kg4 Rb7 47. Bc4 Re7 48. f3 e4 49. fxe4 Nxe4 50. Bf4+ Kc5 51. Rc8+ Kd4 52. Rc6 Rd7 53. Be6 Re7 54. Rc4+ Kd3 55. Rxb4 Nc3 56. a4 Ne2 57. Bd6 Re8 58. Rc4 Nd4 59. Rc8 Rxc8 60. Bxc8 Nxb3 61. Bf8 Nc5 62. a5 Bxa5 63. Bxc5 Be1 64. Ba6+ Ke4 65. Bf8 h5+ 66. Kh3 Kxf5 67. Bxg7 Bc3 68. Bh6 Bd4 69. Bf4 Kg6 70. Kg2 Kf5 71. Kf3 Kg6 72. Bd3+ Kg7 73. Bc7 Bc5 74. Kf4 Bf2 75. Kf5 Be3 76. Be2 Bf2 77. Bxh5 Be1 78. Be8 Bf2 79. Bf4 Bd4 80. h5 Bc3 81. Bd6 Be1 82. g4 Bd2 83. Be7 Bg5 84. Bxf6+ Bxf6 85. h6+ 1-0

[Event "AUT-ch 2018"]
[Site "Vienna"]
[Date "2018.07.29"]
[Round "9"]
[White "Wagner, Leopold Franziskus"]
[Black "Schmidlechner, Alexander"]
[Result "1/2-1/2"]
[ECO "B06"]
[WhiteElo "2108"]
[BlackElo "2226"]
[Annotator "NA"]
[PlyCount "107"]
[EventDate "2018.07.22"]
[EventType "swiss"]
[EventCountry "AUT"]
[SourceTitle "playchess.com"]
[Source "ChessBase"]
[SourceQuality "1"]
[TimeControl "40/5400+30:1800+30"]

1. e4 g6 2. Nf3 c6 3. d4 Bg7 4. Nbd2 d5 5. e5 Nh6 6. Nb3 O-O 7. h4 Bg4 8. Bxh6 Bxh6 9. Be2 Bg7 10. Ng5 Bxe2 11. Qxe2 e6 12. f4 h6 13. Nf3 Nd7 14. h5 c5 15. dxc5 Nxc5 16. Nxc5 Qa5+ 17. c3 Qxc5 18. Nd4 Qe7 19. hxg6 fxg6 20. Qg4 Rae8 21. g3 Qf7 22. Nb5 Bxe5 23. fxe5 Qf2+ 24. Kd1 Kh7 25. Qe2 Qxg3 26. Rf1 Rxf1+ 27. Qxf1 Kg8 28. Kc2 Qh2+ 29. Kb3 Qxe5 30. Re1 Qg7 31. Nxa7 g5 32. Nb5 Qg6 33. Qg2 Kg7 34. Nc7 Re7 35. Nxd5 Rf7 36. Nb4 g4 37. Re4 h5 38. Qe2 Rf6 39. Nd3 g3 40. Qg2 Qg5 41. Re5 Qg6 42. Re3 h4 43. Ne5 Qg5 44. Re2 Kg8 45. a4 Rf5 46. Qxb7 h3 47. Nf3 Rxf3 48. Qxf3 Qd5+ 49. Qxd5 exd5 50. Re3 g2 51. Rxh3 g1=Q 52. Rd3 Qc5 53. Rd4 Kf7 54. Rb4 1/2-1/2